[Event "Titled Tuesday Blitz August 1 Early 2023"]
[White "Vila Dupla, Aurelio"]
[Black "Viskelis, Darius"]
[WhiteFideId "2203383"]
[BlackFideId "12800830"]
[WhiteElo "2153"]
[BlackElo "2312"]
[Result "0-1"]
[Round "10"]
[TimeControl "180+1"]
[Date "2023.08.01"]
[WhiteClock "0:00:00"]
[BlackClock "0:00:01"]
[Board "157"]

1. Nf3 d5 2. d4 g6 3. c4 c6 4. cxd5 cxd5 5. Nc3 Bg7 6. g3 Nc6 7. Bg2 Nf6 8. O-O O-O 9. Ne5 Bf5 10. Nxc6 bxc6 11. Na4 Ne4 12. b3 c5 13. Bb2 cxd4 14. Bxd4 e5 15. Bb2 Rc8 16. Rc1 Qa5 17. Qe1 Qa6 18. f3 Rxc1 19. Bxc1 Nd6 20. e4 Be6 21. exd5 Bxd5 22. Be3 Nf5 23. Bc5 Rc8 24. Qf2 Nd4 25. Rd1 Bc6 26. Nc3 Qa5 27. b4 Qa3 28. Ne4 Bxe4 29. fxe4 a5 30. Rb1 Qd3 31. Rf1 Ne2+ 32. Kh1 Nd4 33. a3 Rc7 34. Bd6 Rd7 35. Bc5 Qxa3 36. Bxd4 exd4 37. Qc2 Rd8 38. b5 d3 39. Qc4 Qe7 0-1


[Site "https://www.chess.com"]

[Event "Titled Tuesday Blitz August 1 Early 2023"]
[White "Feliz Dotel, Dewar Bienvenido"]
[Black "Fajdetic, Hrvoje"]
[WhiteFideId "6402801"]
[BlackFideId "14501945"]
[WhiteElo "2141"]
[BlackElo "2310"]
[Result "1-0"]
[Round "10"]
[TimeControl "180+1"]
[Date "2023.08.01"]
[WhiteClock "0:00:03"]
[BlackClock "0:00:00"]
[Board "158"]

1. d4 d5 2. e3 e6 3. Nf3 f5 4. Be2 Nf6 5. O-O Bd6 6. c4 c6 7. Nbd2 O-O 8. Rb1 a5 9. b3 b6 10. Bb2 Bb7 11. Qc2 Ne4 12. Ne5 Nd7 13. f3 Nxd2 14. Qxd2 Nxe5 15. dxe5 Bc5 16. Bd4 Qe7 17. cxd5 cxd5 18. Rfc1 Rac8 19. Bxc5 Rxc5 20. Rxc5 Qxc5 21. Rc1 Qe7 22. Qd4 Qd8 23. Bb5 Rf7 24. f4 h6 25. h3 Rc7 26. Rxc7 Qxc7 27. Kh2 Qc5 28. Bd7 Kf7 29. Qa4 Qxe3 30. Be8+ Kg8 31. Bg6 b5 32. Qxb5 Qxf4+ 33. Kg1 Qc1+ 34. Kf2 Qf4+ 35. Ke1 Qxe5+ 36. Kd1 Qb8 37. Qd7 Qc8 38. Qf7+ Kh8 39. Qe7 d4 40. Be8 Kh7 41. Qf7 d3 42. Qg6+ Kh8 43. Kd2 Qc2+ 44. Ke3 Qe2+ 45. Kd4 d2 46. Qf7 d1=Q+ 47. Kc5 Qe3+ 48. Kb5 1-0


[Site "https://www.chess.com"]

[Event "Titled Tuesday Blitz August 1 Early 2023"]
[White "Zaksaite, Salomeja"]
[Black "Gopal, K.N."]
[WhiteFideId "12801496"]
[BlackFideId "5001447"]
[WhiteElo "2296"]
[BlackElo "2101"]
[Result "1-0"]
[Round "10"]
[TimeControl "180+1"]
[Date "2023.08.01"]
[WhiteClock "0:01:46"]
[BlackClock "0:00:12"]
[Board "159"]

1. e4 Nc6 2. Nf3 d6 3. d4 Nf6 4. Nc3 d5 5. e5 Ng8 6. Bb5 a6 7. Bd3 Bg4 8. Be3 e6 9. Ne2 Nb4 10. Ng3 Nxd3+ 11. cxd3 Bb4+ 12. Kf1 Qd7 13. Rc1 c6 14. h3 Bxf3 15. Qxf3 Ne7 16. Nh5 O-O 17. h4 Ng6 18. Nxg7 Kxg7 19. Qf6+ Kg8 20. Bh6 1-0


[Site "https://www.chess.com"]

[Event "Titled Tuesday Blitz August 1 Early 2023"]
[White "Stachanczyk, Jacek"]
[Black "Quirke, Jeffrey"]
[WhiteFideId "1116657"]
[BlackFideId "2013029"]
[WhiteElo "2402"]
[BlackElo "2242"]
[Result "1-0"]
[Round "10"]
[TimeControl "180+1"]
[Date "2023.08.01"]
[WhiteClock "0:00:53"]
[BlackClock "0:00:00"]
[Board "160"]

1. e4 e6 2. c4 d5 3. exd5 exd5 4. d4 Nf6 5. Nc3 Bb4 6. Ne2 O-O 7. cxd5 Nxd5 8. a3 Be7 9. Nf4 Nxc3 10. bxc3 Bf5 11. Bc4 Nd7 12. O-O c6 13. a4 Bd6 14. a5 Qc7 15. Qf3 Rae8 16. h3 Be4 17. Qg4 Nf6 18. Qh4 Nd5 19. Nh5 Bg6 20. Bxd5 cxd5 21. Nxg7 Re4 22. Qh6 Rc8 23. Nh5 Bf8 24. Nf6+ Kh8 25. Qd2 Re6 26. Nxd5 Qc6 27. Nf4 Rf6 28. Nxg6+ hxg6 29. Bb2 Rf5 30. c4 Kh7 31. d5 Qd7 32. Rac1 Bh6 33. Qd4 Rg5 34. Rc3 1-0


[Site "https://www.chess.com"]

[Event "Titled Tuesday Blitz August 1 Early 2023"]
[White "Balla, Tamas-Kristof"]
[Black "Clawitter, Craig"]
[WhiteFideId "1208497"]
[BlackFideId "2023105"]
[WhiteElo "2400"]
[BlackElo "2234"]
[Result "0-1"]
[Round "10"]
[TimeControl "180+1"]
[Date "2023.08.01"]
[WhiteClock "0:00:05"]
[BlackClock "0:00:35"]
[Board "161"]

1. e4 e6 2. d4 d5 3. Nd2 Be7 4. e5 c5 5. c3 cxd4 6. cxd4 Nh6 7. Bd3 Nc6 8. Ngf3 Nf5 9. Bxf5 exf5 10. O-O O-O 11. Re1 f4 12. Nb3 g5 13. Qd3 Nb4 14. Qc3 Bf5 15. Re2 Rc8 16. Nc5 Nd3 17. Qd2 Bxc5 18. dxc5 Rxc5 19. Nd4 Be4 20. f3 Bg6 21. e6 Qb6 22. exf7+ Rxf7 23. Re8+ Rf8 24. Rxf8+ Kxf8 25. Kf1 Rxc1+ 26. Rxc1 Nxc1 27. Qxc1 Qxd4 28. Ke1 Qe3+ 0-1


[Site "https://www.chess.com"]

[Event "Titled Tuesday Blitz August 1 Early 2023"]
[White "campochess"]
[Black "Ai, Evan"]
[BlackFideId "2094770"]
[WhiteElo "2203"]
[BlackElo "2304"]
[Result "0-1"]
[Round "10"]
[TimeControl "180+1"]
[Date "2023.08.01"]
[WhiteClock "0:00:00"]
[BlackClock "0:00:23"]
[Board "162"]

1. d4 d5 2. Bg5 h6 3. Bh4 Nf6 4. Nd2 Nbd7 5. e3 e6 6. Bd3 c5 7. c3 Be7 8. Ngf3 b6 9. Bg3 Bb7 10. Ne5 a6 11. f4 Ne4 12. Nxe4 dxe4 13. Be2 Nf6 14. O-O O-O 15. Bf2 Qc7 16. g4 Nd7 17. Nxd7 Qxd7 18. Bg3 Rfd8 19. Qb3 b5 20. Rad1 Qc6 21. f5 exf5 22. Rxf5 c4 23. Qc2 Bc8 24. Rf2 Bg5 25. Qd2 Be6 26. Rdf1 Rd5 27. h4 Bd8 28. Rg2 Qd7 29. Be1 a5 30. a4 Rc8 31. axb5 Rxb5 32. Bd1 Rd5 33. Qf2 Rb8 34. g5 Bh3 35. Qg3 Bc7 36. Qf2 Rf5 37. Qe2 Rxf1+ 38. Qxf1 Bxg2 39. Qxg2 hxg5 40. hxg5 Qf5 41. Bg4 Qxg5 42. Bd7 Qxg2+ 43. Kxg2 Rxb2+ 44. Kh3 Re2 45. Bh4 Rxe3+ 46. Kg4 Rxc3 47. Bc6 g6 48. Bf6 Rg3+ 0-1


[Site "https://www.chess.com"]

[Event "Titled Tuesday Blitz August 1 Early 2023"]
[White "sterpfi"]
[Black "Barwinska, Ewa"]
[BlackFideId "21833761"]
[WhiteElo "2200"]
[BlackElo "2279"]
[Result "0-1"]
[Round "10"]
[TimeControl "180+1"]
[Date "2023.08.01"]
[WhiteClock "0:00:10"]
[BlackClock "0:00:07"]
[Board "163"]

1. e4 c5 2. Nf3 d6 3. Bb5+ Bd7 4. Bxd7+ Qxd7 5. c4 Nc6 6. Nc3 Nd4 7. Nxd4 cxd4 8. Ne2 e5 9. d3 Be7 10. O-O Nf6 11. f4 O-O 12. Ng3 Rfe8 13. fxe5 dxe5 14. Nf5 Bf8 15. Bg5 Re6 16. Bxf6 Rxf6 17. Qg4 Kh8 18. Nh6 Qxg4 19. Nxg4 Rxf1+ 20. Rxf1 f6 21. Kf2 Kg8 22. Ke2 Bd6 23. Nf2 Kf7 24. a3 a5 25. Rb1 Ke6 26. Nd1 g6 27. b3 f5 28. b4 axb4 29. axb4 Ra2+ 30. Kf3 Rd2 31. Nf2 b6 32. b5 fxe4+ 33. dxe4 Rc2 34. Ra1 Rxc4 35. Ra8 Rc3+ 36. Ke2 Rc2+ 37. Kf3 Rb2 38. Re8+ Kd7 39. Rh8 Rxb5 40. Rxh7+ Ke6 41. Rg7 Kf6 42. Rd7 Ke6 43. Rg7 Rb3+ 44. Kg4 d3 45. Rxg6+ Kd7 46. Kf3 Bc5 47. Rg7+ Kc6 48. Rg6+ Kb5 49. Ng4 d2+ 50. Ke2 Bb4 51. Re6 Rb1 52. Rxe5+ Ka4 53. Rd5 Re1+ 54. Kf2 d1=Q 55. Rxd1 Rxd1 56. Ne3 Rd2+ 57. Kf3 Bc5 58. Nd5 Rd3+ 59. Kf4 Rd2 60. g4 Rxh2 61. g5 Rg2 62. Kf5 b5 63. g6 b4 64. Nxb4 Kxb4 65. e5 Bf8 66. Kf6 Kc5 67. Kf7 Rf2+ 68. Kg8 Kd5 69. g7 Bxg7 70. Kxg7 Kxe5 71. Kg6 Rf5 72. Kh6 Kf6 73. Kh7 Rg5 74. Kh8 Rg6 75. Kh7 Kf7 76. Kh8 Rh6# 0-1


[Site "https://www.chess.com"]

[Event "Titled Tuesday Blitz August 1 Early 2023"]
[White "Schut, Han"]
[Black "Skiadopoulos, Nikolaos"]
[WhiteFideId "1005561"]
[BlackFideId "4200772"]
[WhiteElo "2262"]
[BlackElo "1859"]
[Result "1-0"]
[Round "10"]
[TimeControl "180+1"]
[Date "2023.08.01"]
[WhiteClock "0:00:58"]
[BlackClock "0:00:10"]
[Board "164"]

1. e4 c5 2. Nf3 Nc6 3. d4 cxd4 4. Nxd4 e5 5. Nb5 a6 6. Nd6+ Bxd6 7. Qxd6 Qf6 8. Qd2 Qg6 9. Nc3 Nf6 10. f3 O-O 11. Bd3 d6 12. Qg5 Be6 13. Qxg6 hxg6 14. Bg5 Nb4 15. O-O-O Rfc8 16. a3 Nxd3+ 17. Rxd3 b5 18. Bxf6 gxf6 19. Rhd1 Bc4 20. Rxd6 a5 21. Nd5 Bxd5 22. R1xd5 b4 23. a4 b3 24. c3 Rc4 25. Rd8+ Rxd8 26. Rxd8+ Kg7 27. Rb8 Rxa4 28. Rxb3 Ra1+ 29. Kc2 Rg1 30. Ra3 Rxg2+ 31. Kb3 Rxh2 32. c4 Rf2 33. Rxa5 Rxf3+ 34. Kb4 Re3 35. c5 Rxe4+ 36. Kb5 Re1 37. c6 Rb1 38. b4 g5 39. Ra3 Rc1 40. Kb6 g4 41. Ra5 g3 42. Ra3 g2 43. Rg3+ Kf8 44. Rxg2 f5 45. Rg5 Ke7 46. Rxf5 Ke6 47. Rf2 e4 48. c7 f5 49. Kb7 e3 50. Rh2 f4 51. Rh6+ Ke5 52. Rc6 1-0


[Site "https://www.chess.com"]

[Event "Titled Tuesday Blitz August 1 Early 2023"]
[White "Lohani, Sujana"]
[Black "Akylbek2021"]
[WhiteFideId "12311987"]
[WhiteElo "1962"]
[BlackElo "2313"]
[Result "0-1"]
[Round "10"]
[TimeControl "180+1"]
[Date "2023.08.01"]
[WhiteClock "0:00:00"]
[BlackClock "0:00:07"]
[Board "165"]

1. d4 Nf6 2. Nf3 c5 3. c4 cxd4 4. Nxd4 g6 5. Nc3 Bg7 6. g3 O-O 7. Bg2 Nc6 8. O-O Nxd4 9. Qxd4 d6 10. e4 Be6 11. Qd3 Nd7 12. b3 Nc5 13. Qc2 a5 14. Bb2 Rc8 15. Nd5 Bxd5 16. exd5 Qb6 17. Rfe1 Rfe8 18. Bxg7 Kxg7 19. Qb2+ f6 20. Rad1 a4 21. b4 Nd7 22. Re4 Ne5 23. Bf1 f5 24. Re3 Kg8 25. Rc3 Ng4 26. a3 Rc7 27. Qe2 Rec8 28. Qe6+ Kf8 29. Rd2 Nf6 30. Rdc2 Ne4 31. Re3 Qd4 32. Kg2 Qf6 33. f3 Qxe6 34. dxe6 Nf6 35. Bd3 Kg7 36. h3 b5 37. f4 bxc4 0-1


[Site "https://www.chess.com"]

[Event "Titled Tuesday Blitz August 1 Early 2023"]
[White "Krzywda, Andrzej"]
[Black "Levine, David"]
[WhiteFideId "1114565"]
[BlackFideId "2011611"]
[WhiteElo "2363"]
[BlackElo "2108"]
[Result "1-0"]
[Round "10"]
[TimeControl "180+1"]
[Date "2023.08.01"]
[WhiteClock "0:00:13"]
[BlackClock "0:00:00"]
[Board "166"]

1. e4 e5 2. Nf3 Nc6 3. Bb5 a6 4. Ba4 Nf6 5. O-O Be7 6. Re1 b5 7. Bb3 d6 8. c3 O-O 9. h3 Bb7 10. d4 Re8 11. a4 Bf8 12. Nbd2 Nb8 13. Bc2 Nbd7 14. b3 g6 15. d5 c6 16. c4 Nc5 17. Ba3 cxd5 18. cxd5 Rc8 19. axb5 axb5 20. Bb4 Qd7 21. Ra7 Ra8 22. Bxc5 dxc5 23. Rxa8 Bxa8 24. Qa1 Qc7 25. Bd3 c4 26. bxc4 b4 27. Nb3 Nd7 28. Qa4 Rb8 29. Qa1 f6 30. Qa6 Kg7 31. Rb1 Nc5 32. Nxc5 Bxc5 33. Nd2 Bb7 34. Qa4 Qb6 35. Nb3 Bxf2+ 36. Kh2 Qe3 37. Qd7+ Kh6 38. Rd1 Bg3+ 39. Kh1 Bf4 40. Qg4 1-0


[Site "https://www.chess.com"]

[Event "Titled Tuesday Blitz August 1 Early 2023"]
[White "Cardenas Carbajal, Nilson"]
[Black "Goswami, Vedant"]
[WhiteFideId "8401128"]
[BlackFideId "5003725"]
[WhiteElo "2138"]
[BlackElo "2306"]
[Result "0-1"]
[Round "10"]
[TimeControl "180+1"]
[Date "2023.08.01"]
[WhiteClock "0:00:04"]
[BlackClock "0:01:32"]
[Board "167"]

1. e4 g6 2. d4 Bg7 3. Be3 d6 4. Qd2 a6 5. Nc3 b5 6. h4 h6 7. h5 g5 8. f4 gxf4 9. Bxf4 Nc6 10. Nf3 Bg4 11. Be3 Bxf3 12. gxf3 e5 13. Rg1 exd4 14. Rxg7 dxe3 15. Qxe3 Qh4+ 16. Qf2 Qxf2+ 17. Kxf2 Nf6 18. Bh3 Nxh5 19. Rgg1 Nf4 20. Bf5 Ne7 21. Ke3 Ne6 22. Bh3 Ng5 23. Bf1 f5 24. exf5 Nxf5+ 25. Kf2 Kf7 26. Nd5 c6 27. Nf4 Raf8 28. Bd3 Ne7 29. Rae1 Ke8 30. Rh1 Rxf4 31. Bg6+ Kd7 32. Bh5 Rhf8 33. Bg4+ Kd8 0-1


[Site "https://www.chess.com"]

[Event "Titled Tuesday Blitz August 1 Early 2023"]
[White "Winkels, Marcel"]
[Black "Georg, Heinz"]
[WhiteFideId "1003887"]
[BlackFideId "4607295"]
[WhiteElo "2099"]
[BlackElo "2284"]
[Result "0-1"]
[Round "10"]
[TimeControl "180+1"]
[Date "2023.08.01"]
[WhiteClock "0:00:18"]
[BlackClock "0:00:07"]
[Board "168"]

1. e4 e5 2. Nf3 Nc6 3. d4 exd4 4. Bc4 Bc5 5. O-O d6 6. c3 dxc3 7. Nxc3 Nf6 8. Bg5 h6 9. Bh4 g5 10. Nxg5 hxg5 11. Bxg5 Rg8 12. h4 Ne5 13. Bb3 Bg4 14. Qd2 c6 15. Qf4 Rg6 16. Kh1 Nh5 17. Qd2 f6 18. Be3 Qe7 19. Na4 O-O-O 20. Nxc5 dxc5 21. Qa5 b6 22. Qa6+ Qb7 23. Qa4 Be2 24. Rfc1 Bb5 25. Qa3 Ng4 26. Be6+ Kb8 27. Bxg4 Rxg4 28. f3 Rxh4+ 29. Kg1 Qc7 30. Qc3 Qe5 31. Qc2 Bd3 32. Qc3 Rg8 33. Kf2 Rxg2+ 34. Kxg2 Qh2# 0-1


[Site "https://www.chess.com"]

[Event "Titled Tuesday Blitz August 1 Early 2023"]
[White "Kriti Mayur Patel"]
[Black "Zaichenko, Daria"]
[WhiteFideId "35061780"]
[BlackFideId "4197453"]
[WhiteElo "2048"]
[BlackElo "2246"]
[Result "1-0"]
[Round "10"]
[TimeControl "180+1"]
[Date "2023.08.01"]
[WhiteClock "0:00:15"]
[BlackClock "0:00:00"]
[Board "169"]

1. e4 c5 2. d4 cxd4 3. c3 Nf6 4. e5 Nd5 5. Nf3 d6 6. Bc4 Nb6 7. Bb3 dxe5 8. Nxe5 e6 9. Qh5 Qf6 10. cxd4 h6 11. O-O Bd6 12. f4 O-O 13. Nc3 Qd8 14. Ne4 Bxe5 15. dxe5 Qd4+ 16. Nf2 Bd7 17. Qh3 Bb5 18. Be3 Qb4 19. Rfd1 Nc6 20. Ng4 Be2 21. Nxh6+ gxh6 22. Re1 Bd3 23. Qxh6 Nd5 24. Rad1 Qe4 25. Qg5+ Qg6 26. Rxd3 Qxg5 27. fxg5 Nxe5 28. Rd4 Nc6 29. Rh4 Nxe3 30. Rxe3 Kg7 31. Reh3 Kg6 32. Rh5 Nd4 33. Bc4 Kf5 34. Bd3+ Ke5 35. Re3+ Kd6 36. g6 fxg6 37. Bxg6 Rf6 38. Be4 Raf8 39. h3 Rf2 40. Rd3 e5 41. Bxb7 Rxb2 42. Be4 Rf4 43. Rh6+ Kc5 44. Ba8 Ne2+ 45. Kh2 Rf1 46. Re3 Nf4 47. Rc6+ Kd4 48. Rcc3 Rxa2 49. Rg3 Raa1 50. Rge3 1-0


[Site "https://www.chess.com"]

[Event "Titled Tuesday Blitz August 1 Early 2023"]
[White "Wisniowski, Natalie"]
[Black "Hrescak, Ivana"]
[WhiteFideId "30929261"]
[BlackFideId "14613441"]
[WhiteElo "2030"]
[BlackElo "2202"]
[Result "0-1"]
[Round "10"]
[TimeControl "180+1"]
[Date "2023.08.01"]
[WhiteClock "0:00:00"]
[BlackClock "0:00:06"]
[Board "170"]

1. e4 e5 2. Nf3 Nc6 3. d4 exd4 4. Bc4 Nf6 5. e5 Ne4 6. O-O Be7 7. Re1 Nc5 8. Nxd4 O-O 9. Nf5 d5 10. Nxe7+ Nxe7 11. Bd3 Nxd3 12. Qxd3 Bf5 13. Qe2 Re8 14. Bg5 h6 15. Bh4 c6 16. Nd2 Qb6 17. Nb3 c5 18. Qd2 Ng6 19. Bg3 Rad8 20. c3 a5 21. Qe3 Rc8 22. Qf3 Be4 23. Qe2 a4 24. Nd2 Bf5 25. Nf3 Rcd8 26. Rad1 Be6 27. h3 Ne7 28. Rd2 Nf5 29. Bh2 Rd7 30. Red1 Red8 31. Qd3 d4 32. cxd4 Nxd4 33. Nxd4 Rxd4 34. Qc2 Qb4 35. Rxd4 Rxd4 36. Rxd4 Qxd4 37. Bg3 g6 38. a3 Bb3 39. Qe2 Kg7 40. Kh2 Be6 41. Qc2 Qd7 42. Qc3 Qb5 43. Qc2 Bb3 44. Qd2 Be6 45. Qc3 b6 46. Qc2 Qc6 47. Qc3 b5 48. Qc2 Qd5 49. Qe2 b4 50. axb4 cxb4 51. Qc2 a3 52. bxa3 bxa3 53. Qc1 a2 54. Qa1 Qb3 55. Qe1 Qb1 0-1


[Site "https://www.chess.com"]

[Event "Titled Tuesday Blitz August 1 Early 2023"]
[White "Vargas, Mauricio"]
[Black "le-castor-faineant"]
[WhiteFideId "4404572"]
[WhiteElo "1900"]
[BlackElo "2185"]
[Result "0-1"]
[Round "10"]
[TimeControl "180+1"]
[Date "2023.08.01"]
[WhiteClock "0:00:00"]
[BlackClock "0:00:37"]
[Board "171"]

1. e4 e5 2. Nf3 Nf6 3. Nc3 Nc6 4. Bc4 Bc5 5. d3 d6 6. O-O Bg4 7. h3 Bh5 8. g4 Nxg4 9. hxg4 Bxg4 10. Kg2 Nd4 11. Bxf7+ Kf8 12. Nxd4 Bxd1 13. Ne6+ Kxf7 14. Nxd8+ Raxd8 15. Rxd1 Rdf8 16. Na4 Bb6 17. Nxb6 axb6 18. Rf1 Ke6 19. f4 exf4 20. Rxf4 h6 21. Rg4 g5 22. Be3 d5 23. exd5+ Kxd5 24. Rf1 Rxf1 25. Kxf1 c5 26. Kg2 b5 27. c4+ bxc4 28. dxc4+ Kc6 29. Re4 Ra8 30. a3 Ra4 31. Re6+ Kd7 32. Rxh6 Rxc4 33. Bxg5 Rc2+ 34. Kg3 Rxb2 35. Rh7+ Kc6 36. Rh6+ Kd5 37. Rh5 Kc4 38. Rh4+ Kb3 39. Bf6 Ra2 40. a4 Rxa4 41. Rh3 c4 42. Kf4+ c3+ 43. Ke5 Rc4 44. Kd5 Rc8 0-1


[Site "https://www.chess.com"]

[Event "Titled Tuesday Blitz August 1 Early 2023"]
[White "Bocangel Chavez, Marjoire J."]
[Black "Butti, Enrique"]
[WhiteFideId "3810500"]
[BlackFideId "3700470"]
[WhiteElo "1785"]
[BlackElo "2164"]
[Result "1-0"]
[Round "10"]
[TimeControl "180+1"]
[Date "2023.08.01"]
[WhiteClock "0:01:03"]
[BlackClock "0:01:15"]
[Board "172"]

1. e4 c5 2. Nc3 e6 3. f4 Ne7 4. Nf3 d5 5. Bb5+ Nbc6 6. Bxc6+ bxc6 7. d3 c4 8. O-O cxd3 9. cxd3 Qb6+ 10. Kh1 Ba6 11. f5 exf5 12. exd5 Bb7 13. d6 Ng6 14. Re1+ Kd7 15. d4 Bxd6 16. Qd3 Rhf8 17. Qxf5+ Kc7 18. Bd2 h6 19. Ne4 Qb5 20. Nxd6 Kxd6 21. Ne5 Qd5 22. Qd7# 1-0


[Site "https://www.chess.com"]

[Event "Titled Tuesday Blitz August 1 Early 2023"]
[White "Kuchava, Ana"]
[Black "Lakshmi C"]
[WhiteFideId "13605348"]
[BlackFideId "25035347"]
[WhiteElo "2179"]
[BlackElo "2068"]
[Result "0-1"]
[Round "10"]
[TimeControl "180+1"]
[Date "2023.08.01"]
[WhiteClock "0:00:00"]
[BlackClock "0:00:05"]
[Board "173"]

1. d4 Nf6 2. Nf3 d5 3. c4 e6 4. Nc3 c6 5. e3 Bd6 6. Bd3 O-O 7. O-O Nbd7 8. e4 dxe4 9. Nxe4 Nxe4 10. Bxe4 Nf6 11. Bc2 h6 12. b3 Qc7 13. Bb2 Rd8 14. Qd3 Be7 15. d5 cxd5 16. Be5 Qc5 17. Rad1 Ne4 18. cxd5 exd5 19. Bd4 Qd6 20. Rfe1 Bf5 21. Qe2 Rac8 22. Bd3 Qg6 23. Ne5 Qe6 24. f3 Nd6 25. Qd2 Bxd3 26. Qxd3 Qf5 27. Qe2 Rc2 28. Rd2 Rxd2 29. Qxd2 Bf6 30. g4 Qc8 31. Rc1 Qe6 32. Re1 Qc8 33. Bb2 Nb5 34. a4 Nc7 35. Rc1 Qb8 36. Qc2 Ne6 37. Qf5 Bg5 38. Qxf7+ Kh7 39. Rd1 Nf4 40. Qf5+ Kg8 41. Qf7+ Kh7 42. Ng6 Rg8 43. Ne7 Qf8 44. Qxg8+ Qxg8 45. Nxg8 Kxg8 46. Re1 Kf7 47. Re5 Nd3 48. Re2 Nf4 49. Rd2 Nh3+ 50. Kg2 Bxd2 51. Kxh3 Bb4 52. Kg3 Ke6 53. h4 g5 54. hxg5 hxg5 55. Bc1 Bd6+ 56. Kf2 Bf4 57. Bb2 Be5 58. Ke2 Bxb2 59. Kd3 Bf6 60. Ke2 Kd6 61. Kd3 Kc5 62. Ke2 Kd4 63. Kd2 Be5 64. Ke2 Bf4 0-1


[Site "https://www.chess.com"]

[Event "Titled Tuesday Blitz August 1 Early 2023"]
[White "Goughfather"]
[Black "Navyblue1"]
[WhiteElo "2087"]
[BlackElo "1925"]
[Result "1-0"]
[Round "10"]
[TimeControl "180+1"]
[Date "2023.08.01"]
[WhiteClock "0:01:49"]
[BlackClock "0:01:26"]
[Board "174"]

1. d4 Nf6 2. Nc3 d5 3. Bf4 c6 4. e3 b5 5. Bd3 Nbd7 6. Nf3 g6 7. h4 Bg7 8. Ne5 Nxe5 9. Bxe5 O-O 10. h5 Nxh5 11. Rxh5 gxh5 12. Bxh7+ Kxh7 13. Qxh5+ Kg8 14. Bxg7 Kxg7 15. Qg5+ Kh7 16. O-O-O f6 17. Rh1+ 1-0


[Site "https://www.chess.com"]

[Event "Titled Tuesday Blitz August 1 Early 2023"]
[White "Carlsen, Magnus"]
[Black "Xu, Xiangyu"]
[WhiteFideId "1503014"]
[BlackFideId "8608288"]
[WhiteElo "3252"]
[BlackElo "3016"]
[Result "1-0"]
[Round "11"]
[TimeControl "180+1"]
[Date "2023.08.01"]
[WhiteClock "0:01:37"]
[BlackClock "0:00:11"]
[Board "1"]

1. e4 c5 2. Nf3 d6 3. Bb5+ Nd7 4. a4 Nf6 5. Nc3 g6 6. a5 Bg7 7. a6 bxa6 8. Bxa6 Bxa6 9. Rxa6 O-O 10. O-O Ne8 11. b3 Nc7 12. Ra2 Bxc3 13. dxc3 a5 14. c4 a4 15. bxa4 Nb6 16. a5 Nxc4 17. Bh6 Re8 18. Qa1 f6 19. Qc3 d5 20. h3 Nb5 21. Qd3 e6 22. Rb1 Nbd6 23. exd5 e5 24. Nd2 Rxa5 25. Rxa5 Nxa5 26. Qa6 Qc7 27. Rb6 Nab7 28. Ne4 Rd8 29. Nxf6+ 1-0


[Site "https://www.chess.com"]

[Event "Titled Tuesday Blitz August 1 Early 2023"]
[White "Megaranto, Susanto"]
[Black "Andreikin, Dmitry"]
[WhiteFideId "7101384"]
[BlackFideId "4158814"]
[WhiteElo "2996"]
[BlackElo "3059"]
[Result "1-0"]
[Round "11"]
[TimeControl "180+1"]
[Date "2023.08.01"]
[WhiteClock "0:00:18"]
[BlackClock "0:00:07"]
[Board "2"]

1. e4 c5 2. c3 d5 3. exd5 Qxd5 4. d4 Nf6 5. Nf3 g6 6. Be2 Bg7 7. O-O O-O 8. Be3 cxd4 9. Nxd4 Qd8 10. Bf3 Nd5 11. Bg5 h6 12. Bh4 Nf4 13. Bg3 e5 14. Bxf4 exf4 15. Na3 Nd7 16. Re1 Ne5 17. h3 Rb8 18. Qb3 Bd7 19. Nc4 Nxf3+ 20. Nxf3 b5 21. Nce5 Be6 22. Qa3 Qb6 23. Nd4 b4 24. Qxb4 Qa6 25. Qa3 Qxa3 26. bxa3 Rfe8 27. Nec6 Rbc8 28. Nxa7 Rxc3 29. Nxe6 fxe6 30. Nb5 Rc2 31. Rac1 Rxa2 32. Nc7 Re7 33. Nxe6 Bf6 34. Nxf4 Rxe1+ 35. Rxe1 g5 36. Nd5 Bd4 37. Ne3 Rxa3 38. Nc2 Rd3 39. Re2 Bc5 40. Kh2 Kf7 41. g3 Rc3 42. Kg2 Kf6 43. Ne1 Bd6 44. Nf3 Bc5 45. Nd2 Rc1 46. Ne4+ Kg6 47. g4 Bd4 48. Ng3 Rb1 49. Re6+ Kh7 50. Nf5 Bc5 51. Rxh6+ Kg8 52. Rg6+ Kh8 53. Rc6 Rc1 54. Ng3 Be3 55. Rxc1 Bxc1 56. Kf3 Kg7 57. Ke4 Kg6 58. Ne2 Bd2 59. Nd4 Be1 60. f3 Kf6 61. Nc6 Bc3 62. Na7 Bb2 63. Nb5 Ba1 64. Na3 Bb2 65. Nc4 Ba1 66. Ne3 Bb2 67. Ng2 Ba1 68. h4 gxh4 69. Nxh4 Kg5 70. Ng2 Bb2 71. Ne3 Ba1 72. f4+ Kh4 73. Kf3 Bb2 74. Nf5+ Kh3 75. g5 Ba1 76. g6 Bb2 77. g7 Bxg7 78. Nxg7 Kh4 79. Nf5+ Kh5 80. Kg3 Kg6 81. Kg4 Kf6 82. Ng3 Kg6 83. Ne4 Kf7 84. f5 Ke7 85. Kg5 Kf7 86. f6 Ke6 87. Kg6 Ke5 88. Ng5 Kd6 89. f7 Kd5 90. f8=Q 1-0


[Site "https://www.chess.com"]

[Event "Titled Tuesday Blitz August 1 Early 2023"]
[White "Kamsky, Gata"]
[Black "Nguyen, Ngoc Truong Son"]
[WhiteFideId "2000024"]
[BlackFideId "12401110"]
[WhiteElo "3010"]
[BlackElo "2923"]
[Result "1/2-1/2"]
[Round "11"]
[TimeControl "180+1"]
[Date "2023.08.01"]
[WhiteClock "0:00:14"]
[BlackClock "0:00:05"]
[Board "3"]

1. d4 g6 2. c3 Bg7 3. Nf3 Nf6 4. Bf4 d6 5. h3 O-O 6. e3 Nc6 7. Bh2 h6 8. Bc4 Kh7 9. O-O Nd7 10. e4 e5 11. Re1 Nb6 12. Bb5 Qe7 13. a4 a5 14. Na3 Bd7 15. Nc2 Rae8 16. dxe5 Nxe5 17. Bxe5 Bxe5 18. Bxd7 Qxd7 19. Ne3 Bg7 20. Nd5 Nxd5 21. Qxd5 b6 22. e5 Re6 23. exd6 Rxd6 24. Qc4 Rd5 25. Re2 Rd8 26. Rae1 Rd1 27. g4 Rxe1+ 28. Rxe1 Bf6 29. Kg2 Kg7 30. Qe4 Qd5 31. Qxd5 Rxd5 32. Re4 Rd7 33. Rc4 Kf8 34. Rc6 Ke7 35. Kf1 Bg7 36. Ke2 Kd8 37. h4 Re7+ 38. Kd3 Rd7+ 39. Ke2 Re7+ 40. Kd3 Kd7 41. Rc4 c6 42. Nd4 Bxd4 43. Rxd4+ Kc7 44. Rf4 Rd7+ 45. Kc4 Re7 46. b3 Kd6 47. Rf6+ Kd7 48. f3 Kc7 49. h5 gxh5 50. gxh5 Re5 51. Rxf7+ Kc8 52. Rf6 Rxh5 53. Rxc6+ Kb7 54. Rf6 Rh1 55. f4 Kc7 56. Kb5 Rb1 57. Rc6+ Kd7 58. Rxh6 Rxb3+ 59. Ka6 Rxc3 60. Kxb6 Rc4 61. f5 Rxa4 62. f6 Ke6 63. Rh5 Rb4+ 64. Kxa5 Rf4 65. Rh6 Rxf6 66. Rxf6+ Kxf6 1/2-1/2


[Site "https://www.chess.com"]

[Event "Titled Tuesday Blitz August 1 Early 2023"]
[White "Naroditsky, Daniel"]
[Black "Movahed, Sina"]
[WhiteFideId "2026961"]
[BlackFideId "42520835"]
[WhiteElo "3098"]
[BlackElo "2958"]
[Result "1-0"]
[Round "11"]
[TimeControl "180+1"]
[Date "2023.08.01"]
[WhiteClock "0:00:11"]
[BlackClock "0:00:01"]
[Board "4"]

1. Nf3 Nf6 2. d4 g6 3. Nc3 Bg7 4. e4 d6 5. Be2 O-O 6. O-O Nc6 7. d5 Nb8 8. a4 c6 9. h3 Nbd7 10. Re1 Ne8 11. Be3 Ne5 12. Nxe5 Bxe5 13. Qd2 Bd7 14. a5 cxd5 15. exd5 Bg7 16. Bd4 Bxd4 17. Qxd4 Nf6 18. Bd3 Re8 19. Re3 Qc7 20. Rae1 Qd8 21. a6 bxa6 22. Bxa6 Rb8 23. b3 Qb6 24. Qxb6 Rxb6 25. Bc4 Kf8 26. Ra1 Ra8 27. Ra5 Be8 28. Ne2 Nd7 29. Nd4 Nf6 30. Re1 Rb7 31. Rea1 Rc7 32. f3 Nd7 33. Bb5 Nc5 34. R1a3 Bxb5 35. Nxb5 Rb7 36. Nxa7 e6 37. dxe6 fxe6 38. Nb5 Rxa5 39. Rxa5 Ke7 40. Kf2 d5 41. Nd4 Kd6 42. Rb5 Rc7 43. f4 Ne4+ 44. Ke1 Rc3 45. Rb8 e5 46. Nb5+ 1-0


[Site "https://www.chess.com"]